Unix xNetHack Version 7.1.0 - last build Dec 11 2022 15:18:36 (91bc4d2507b4b34ac92889b06d50a936f6bde808). Game began 2022-12-26 20:51:04, ended 2022-12-26 21:04:33. UristMcRaven, chaotic female elven Wizard ------- -----.....| --.....---.------- --.............|..---------------- -- ---..|.---------..G.....(................- |...-|.| |.-..--------------- --|.---|.| |.....| ---.|.| |.| |.....--- ----.....---|.| --..Q....--- |..........||.|- ----.^........| --.--...<..||.||.....)..........- -----....--|.|--.................| |....| |.| ---....%..........- --...-- |.| ---..............- |..[.| |.| --................ |...-- |.| --.--..............- |..-- --.| --- -............... |..| |..| --............... |..| |..| --.............- ---- ---- .--.----.---- -- -- -- UristMcRaven the Conjurer St:9 Dx:15 Co:14 In:19 Wi:8 Ch:12 Chaotic Dlvl:5 $:85 HP:0(36) Pw:8(45) AC:6 Xp:5/203 T:1816 Burdened Latest messages: The gnome lord wields an iron bow! The giant ant bites! The giant ant bites! In what direction? You kill the giant ant! Welcome to experience level 5. You see here a cream pie. You have a little trouble lifting C - a cream pie {10}. In what direction? You kill the gnome! You see here a candle. The dwarf throws a dagger! A dagger misses you. In what direction? You kill the hobbit! The magic missile bounces! You have a little trouble lifting D - a dagger {10}. You have a little trouble lifting E - a candle {2}. In what direction? The spell hits the dwarf! You kill the dwarf! You see here an elven dagger. What do you want to wield? q - a silver elven dagger (weapon in hand) {10}. You begin bashing monsters with your silver elven dagger. You miss the gnome. You hit the gnome. The gnome punches you! You stab the gnome. You kill the gnome! It whacks you! You recoil from the touch of iron! You hit it. In what direction? The spell hits it! You kill it! You have a little trouble lifting F - a marble wand {7}. You see here a thonged club. You have a little trouble lifting G - a thonged club {15}. An arrow shoots out at you! You are hit by an arrow! You recoil from the touch of iron! The gnome lord shoots an arrow! You are hit by an arrow! You recoil from the touch of iron! The gnome lord shoots 2 arrows! You are hit by the 1st arrow! You recoil from the touch of iron! You die... Do you want your possessions identified? [ynq] (y) Major events: Turn 1: UristMcRaven the chaotic female elven Wizard entered the dungeon 1009: attained the rank of Conjurer (level 3) 1614: entered the Gnomish Mines 1816: killed by an arrow Inventory: Inventory: 689/625 weight (30/52 slots) Coins ('$') $ - 85 gold pieces {1} Weapons (')') a - a blessed +1 quarterstaff {40} q - an uncursed +0 silver elven dagger (weapon in hand) {10} B - an uncursed +0 dagger {10} D - a cursed -2 dagger {10} G - an uncursed +0 aklys {15} Armor ('[') b - an uncursed +0 cloak of magic resistance (being worn) {8} A - an uncursed +0 pair of mithril dwarvish boots (being worn) {24} Comestibles ('%') j - 3 uncursed food rations {60} l - a cursed food ration {20} n - an uncursed lichen corpse {20} C - an uncursed cream pie {10} Scrolls ('?') p - a cursed scroll of magic mapping {5} z - a cursed scroll of water {5} Spellbooks ('+') c - a blessed spellbook of force bolt (alternate weapon; not wielded) {35} d - a blessed spellbook of magic missile {40} e - an uncursed spellbook of slow monster {35} f - an uncursed spellbook of healing {35} u - an uncursed spellbook of remove curse {45} x - an uncursed spellbook of restore ability {45} y - an uncursed spellbook of blank paper {30} Wands ('/') s - an uncursed wand of striking (0:5) {7} F - an uncursed wand of make invisible (0:4) {7} Potions ('!') h - an uncursed potion of monster detection {20} i - an uncursed potion of restore ability {20} m - an uncursed potion of water {20} o - an uncursed potion of booze {20} t - 2 uncursed potions of hallucination {40} Tools ('(') g - an uncursed harp {30} v - an uncursed oil lamp {20} E - an uncursed wax candle {2} UristMcRaven the Wizard's attributes: Background: You were a Conjurer, a level 5 female elven Wizard. You were chaotic, nominally on a mission for Anhur who was opposed by Ptah (lawful) and Thoth (neutral). You were heterosexual. You were in the Gnomish Mines, on level 5. You entered the dungeon 1816 turns ago. You had 203 experience points, 117 more were needed to attain level 6. Basics: You had 0 out of 36 hit points. You had 8 out of 45 energy points (spell power). Your armor class was 6. Your wallet contained 85 zorkmids. Autopickup was on for '$"=/!?+' plus thrown, with exceptions. Final Characteristics: Your strength was 9 (limit:18). Your dexterity was 15 (limit:18). Your constitution was 14 (limit:16). Your intelligence was 19 (limit:20). Your wisdom was 8 (limit:20). Your charisma was 12 (limit:18). Final Status: You were not hungry. You were burdened; movement was slightly slowed. You were wielding a dagger. You were unskilled in dagger. Final Attributes: You were devoutly aligned. You were magic-protected. You were sleep resistant. You were telepathic. You had infravision. You were warded. You were harmed by iron. You are dead. Miscellaneous: You disabled loading of bones levels. Total elapsed playing time was 13 minutes and 27 seconds. Vanquished creatures: a gnome leader 3 giant ants a floating eye 2 dwarves 2 hobbits a large kobold a hobgoblin a giant rat a brown mold a yellow mold a green mold 5 gnomes a garter snake 5 geckos 5 jackals a fox 3 goblins a sewer rat a grid bug 4 lichens 4 newts 45 creatures vanquished. No species were genocided or became extinct. Voluntary challenges: You were an atheist. You were illiterate. You never genocided any monsters. You never polymorphed an object. You never changed form. You never touched an artifact. You used no wishes. You never owned a pet. You never scared an enemy with impunity. You were celibate. You never generated conflict. Achievements: You entered a shop. You attained the rank of Conjurer. You entered the Gnomish Mines. The Dungeons of Doom: levels 1 to 5 Level 1: A tree. Level 2: A delicatessen, a tree. Level 3: A fountain. Level 4: Some fountains. Stairs down to The Gnomish Mines. Level 5: The Gnomish Mines: Level 5: <- You were here. Final resting place for you, killed by an arrow. Game over: __________ / \ / REST \ / IN \ / PEACE \ / \ | UristMcRaven | | 85 Au | | killed by an | | arrow | | | | | | 2022 | *| * * * | * _________)/\\_//(\/(/\)/\//\/|_)_______ Goodbye UristMcRaven the Wizard... You died in The Gnomish Mines on dungeon level 5 with 1089 points, and 85 pieces of gold, after 1816 moves. You were level 5 with a maximum of 36 hit points when you died.